cohdb
Replays
Latest Replays
All Replays
Popular Replays
Top Player Replays
Match Explorer
How It Works
Community
CoH3 Stats
Reddit
Sign in to upload your games and track your stats! →
Sign in with Steam
Match 25909787
Unlisted
Match 25909787
Overview
Messages
Build Orders
End
Construct Barracks
Riflemen Squad
Riflemen Squad
Riflemen Squad
Selects Advanced Infantry Battlegroup
Infantry Support Center
Selects Convert to Ranger Squad
Convert to Ranger Squad
Selects Frontline Medical Station
Frontline Medical Station
Advanced Logistics
Construct Weapon Support Center
Engineer Squad
Ranger Squad
Improved M9 Bazooka Rockets
Selects Ranger Weapon Training
Eber
hiroppe
uncle Sam
CPU - Experto
CPU - Experto
CPU - Experto
0
0
Comments
sign in to comment!
No comments posted yet!